 Dungeon Crawl Stone Soup version 0.18.1-50-g88ac8fd (webtiles) character file.

8522 Duraxyll the Cleaver (level 11, -10/72 HPs)
             Began as a Gargoyle Berserker on Sept 30, 2016.
             Was a High Priest of Trog.
             Killed by divine providence
             ... invoked by an orc high priest
              (14 damage)
             ... on level 2 of the Orcish Mines.
             The game lasted 00:44:57 (10942 turns).

Duraxyll the Cleaver (Gargoyle Berserker)          Turns: 10942, Time: 00:44:58

Health: -10/72     AC: 26    Str: 24    XL:     11   Next: 32%
Magic:  11/11      EV:  9    Int:  7    God:    Trog [*****.]
Gold:   937        SH:  0    Dex: 10    Spells: 0 memorised, 10 levels left

rFire  + . .     SeeInvis .     M - +3 battleaxe of Killer Klown's Bane {freeze, rF+}
rCold  . . .     Gourm    .     l - +1 plate armour
rNeg   + . .     Faith    .     (shield currently unavailable)
rPois  ∞         Spirit   .     q - +0 helmet
rElec  +         Dismiss  .     (no cloak)
rCorr  .         Reflect  .     (no gloves)
SustAt .         Harm     .     (no boots)
MR     .....                    (no amulet)
Stlth  ..........               J - ring of stealth
                                w - +2 ring of protection

@: exhausted, slowed, very slow, not resistant to hostile enchantments,
extremely unstealthy
A: negative energy resistance 1, electricity resistance, unbreathing,
petrification resistance, rot immunity, AC +7
a: Berserk, Trog's Hand, Brothers in Arms, Burn Spellbooks, Renounce Religion


You were on level 2 of the Orcish Mines.
You worshipped Trog.
Trog was extremely pleased with you.
You were very hungry.

You visited 2 branches of the dungeon, and saw 11 of its levels.
You also visited: Sewer.

You collected 1279 gold pieces.
You spent 342 gold pieces at shops.

Inventory:

Hand Weapons
 M - the +3 battleaxe of Killer Klown's Bane (weapon) {freeze, rF+}
   (Trog gifted it to you on level 8 of the Dungeon)

   It has been specially enchanted to freeze those struck by it, causing extra
   injury to most foes and up to half again as much damage against particularly
   susceptible opponents.
   It can also slow down cold-blooded creatures.
   It protects you from fire.
Missiles
 k - 17 tomahawks (quivered)
Armour
 l - a +1 plate armour (worn)
 q - a +0 helmet (worn)
 A - a troll hide
Jewellery
 m - an uncursed ring of protection from cold
 t - an uncursed ring of magical power
 w - a +2 ring of protection (left hand)
 J - a ring of stealth (right hand)
Wands
 d - a wand of lightning (14/15)
 i - a wand of flame (19/48)
 p - a wand of lightning (6/15)
 u - a wand of slowing (31/48)
 v - a wand of slowing (12/48)
 y - a wand of lightning (10/15)
 K - a wand of slowing (26/48)
 L - a wand of iceblast (7/15)
Scrolls
 e - 6 scrolls of remove curse
 n - 2 scrolls of magic mapping
 s - 7 scrolls of teleportation
 C - 2 scrolls of fear
 F - a scroll of acquirement {unknown}
Potions
 b - 3 potions of flight
 g - 3 potions of berserk rage
 h - 3 potions of might
 j - a potion of degeneration {unknown}
 r - 2 potions of cancellation {unknown}
 z - 4 potions of resistance
 B - a potion of heal wounds
 D - 7 potions of curing
 G - 4 potions of brilliance
Books
 x - a book of Spatial Translocations

   Spells                             Type                      Level
   a - Apportation                    Translocation                1
   b - Blink                          Translocation                2
   c - Shroud of Golubria             Charms/Translocation         2
   d - Portal Projectile              Translocation                3
   e - Teleport Other                 Translocation                3
   f - Passage of Golubria            Translocation                4
   Trog disapproves of the use of such an item.
Comestibles
 a - 10 chunks of flesh
 c - a bread ration
 f - a meat ration
 o - a beef jerky


   Skills:
 + Level 10.0 Fighting
 + Level 10.3 Axes
 + Level 9.7 Armour
 + Level 4.9 Dodging
 + Level 1.6 Stealth


You had 10 spell levels left.
You didn't know any spells.

Dungeon Overview and Level Annotations

Branches:
Dungeon (9/15)             Temple (0/1) D:5             Orc (2/2) D:9
    Elf (0/3) Orc:2
   Lair: D:8-11

Altars:
Ashenzari
Cheibriados
Dithmenos
Fedhas
Gozag
Makhleb
Nemelex Xobeh
Okawaru
Pakellas
Qazlal
Ru
Trog
Vehumet
Xom
Zin

Shops:
D:3 *   D:6 !   Orc:1 ?   Orc:2 ?

Annotations:
Orc:2 Nessos


Innate Abilities, Weirdness & Mutations

You are resistant to torment.
Your stone body is resilient (AC +7).
You are immune to poison.
You resist negative energy.
You are resistant to electric shocks.
You can survive without breathing.
You are immune to petrification.
You are immune to rotting.


Message History

You are feeling very hungry.
Nessos shoots an arrow.
The arrow hits you.
* * * LOW HITPOINT WARNING * * *
The arrow burns you.
* * * LOW HITPOINT WARNING * * *
Your ogre goes berserk!
You feel somewhat more hungry.
Nessos shoots an arrow.
The arrow hits you but does no damage.
Nessos intently looks at you, slowly moving his tail.
Nessos blinks!
The orc priest hits you but does no damage. x2
Nessos blinks!
Your ogre hits the orc priest with a giant club!
The orc high priest mumbles some strange prayers to Beogh.
The orc priest calls upon Beogh to heal the orc priest.
The orc priest is healed somewhat.
The orc priest hits your ogre with a trident!
The orc high priest mumbles some strange prayers to Beogh against you.
Beogh smites you!
You die...

********************* #.......
,,,,,,,,,,,,,,,,....# ###.....#
,,,,,,,,,,,,,,,,....# #......##
**,***,***,,######..## #........
*,* *,* *,,#...∩#...## ##.......
**,***.###,,#....#....# ####....
,,,,,,....o,#o...#....######.....
**,,,,...o4o##O###.....##.#.#.#..
*,,⌠,..⌠cooo(o(@............##..
*,,,,...§.4##+###........#......
**,***'###.,*,,,,#......####.....
,,,*,,,,,#,,*,,,,#..#.### ##....
**,*,,,,,*,,*,,,,#..### *##.....
*,*,,_,,*,,*,,,∩#..# *#.......
**,*******,,*****#..# *.....###
,,,,,,,,,,,,,,,,,...# **.......
,,,,,,,,,,,,,,,,,,,,* *......#


You could see Nessos, 2 orc high priests, 2 rust devils, 3 orc priests, 2 orcs
and a friendly ogre (berserk).

Vanquished Creatures
  An orc high priest (Orc:2)
  2 orc knights (Orc:1)
  3 trolls
  Grinder (D:5)
  3 yaks
  2 humans (D:9)
  A hippogriff (D:9)
  6 wargs
  14 orc warriors
  The ghost of go0n the Ruffian, an amateur TrBe of Trog (Sewer)
  A wasp (D:9)
  An ice beast (D:7)
  A black bear (D:8)
  9 ogres
  A phantom (D:4)
  A necrophage (D:9)
  2 centaurs (D:6)
  A big kobold (D:7)
  5 scorpions
  2 crimson imps
  2 gnoll shamans
  3 hounds
  12 orc wizards
  A giant frog skeleton (D:6)
  12 orc priests
  2 iguanas
  A worker ant (D:7)
  A killer bee zombie (D:6)
  A hound zombie (D:7)
  A hound skeleton (D:8)
  Robin (D:3)
  10 gnolls
  5 river rats (Sewer)
  11 adders
  A howler monkey skeleton (D:4)
  3 shadow imps (D:6)
  An ooze (D:1)
  4 adder skeletons
  An adder zombie (D:9)
  2 worms
  7 giant geckos
  64 orcs
  4 bats
  8 giant cockroaches
  18 goblins
  13 hobgoblins
  10 jackals
  7 kobolds
  4 quokkas
  5 ball pythons
  A giant cockroach zombie (D:6)
  A giant gecko skeleton (D:5)
  2 giant gecko zombies
  12 giant newts
  A jackal skeleton (D:4)
  A jackal zombie (D:7)
  24 rats
315 creatures vanquished.

Vanquished Creatures (others)
  A gnoll (D:7)
1 creature vanquished.

Grand Total: 316 creatures vanquished

Notes
Turn   | Place    | Note
--------------------------------------------------------------
     0 | D:1      | Duraxyll the Gargoyle Berserker began the quest for the Orb.
     0 | D:1      | Reached XP level 1. HP: 14/14 MP: 1/1
   328 | D:1      | Reached XP level 2. HP: 17/19 MP: 2/2
   850 | D:1      | Reached XP level 3. HP: 24/24 MP: 3/3
  1130 | D:2      | Reached ** piety under Trog
  1307 | D:2      | Found an opulent altar of Gozag.
  1510 | D:2      | Reached XP level 4. HP: 29/29 MP: 4/4
  1929 | D:2      | Found a shimmering altar of Xom.
  2296 | D:3      | Noticed an orc warrior
  2338 | D:3      | Reached XP level 5. HP: 33/33 MP: 5/5
  2449 | D:3      | Noticed Robin
  2457 | D:3      | Killed Robin
  2457 | D:3      | Reached *** piety under Trog
  2535 | D:3      | Found a sparkling altar of Nemelex Xobeh.
  2566 | D:3      | Found a bloodstained altar of Trog.
  2588 | D:3      | Reached XP level 6. HP: 32/39 MP: 6/6
  2835 | D:3      | Found a sacrificial altar of Ru.
  2927 | D:3      | Found Zin's Purification Station.
  2930 | D:3      | Found a glowing silver altar of Zin.
  2968 | D:3      | Found a blossoming altar of Fedhas.
  3160 | D:3      | Found a shattered altar of Ashenzari.
  3608 | D:4      | Noticed a phantom
  3649 | D:4      | Killed a phantom
  3765 | D:4      | Killed an orc warrior
  3765 | D:4      | Reached skill level 5 in Fighting
  3765 | D:4      | Reached XP level 7. HP: 22/44 MP: 7/7
  4065 | D:4      | Reached **** piety under Trog
  4104 | D:4      | Found a radiant altar of Vehumet.
  4205 | D:4      | Reached skill level 1 in Stealth
  4401 | D:4      | Reached skill level 5 in Axes
  4637 | D:5      | Entered Level 5 of the Dungeon
  4661 | D:5      | Noticed Grinder
  4674 | D:5      | Killed Grinder
  4674 | D:5      | Reached XP level 8. HP: 51/51 MP: 8/8
  4695 | D:5      | Got a smoking golden ring
  4704 | D:5      | Identified the ring of Incredulity {rCorr +Inv rF+ MR+ Slay-2} (You found it on level 5 of the Dungeon)
  4719 | D:5      | Found a burning altar of Makhleb.
  4738 | D:5      | Found a staircase to the Ecumenical Temple.
  4874 | D:5      | Found a glowing drain.
  4892 | Sewer    | Entered a sewer
  4892 | Sewer    | Noticed go0n's ghost (amateur TrBe)
  4913 | Sewer    | Killed go0n's ghost
  4913 | Sewer    | Reached skill level 5 in Armour
  5552 | D:5      | Found an opulent altar of Gozag.
  6049 | D:6      | Found Qiagg's Distillery.
  6054 | D:6      | Bought a potion of curing for 42 gold pieces
  6054 | D:6      | Bought a potion of curing for 42 gold pieces
  6054 | D:6      | Bought 2 potions of curing for 84 gold pieces
  6054 | D:6      | Bought a potion of curing for 42 gold pieces
  6054 | D:6      | Bought a potion of curing for 42 gold pieces
  6211 | D:6      | Found a stormy altar of Qazlal.
  6613 | D:6      | Reached XP level 9. HP: 37/56 MP: 9/9
  7018 | D:7      | Found a shadowy altar of Dithmenos.
  7869 | D:8      | Reached ***** piety under Trog
  8266 | D:8      | Received a gift from Trog
  8273 | D:8      | Got a scorched battleaxe {god gift}
  8274 | D:8      | Identified the +3 battleaxe of Killer Klown's Bane {freeze, rF+} (Trog gifted it to you on level 8 of the Dungeon)
  8481 | D:8      | Found an oddly glowing altar of Pakellas.
  8706 | D:9      | Reached XP level 10. HP: 60/64 MP: 10/10
  8751 | D:9      | Found a staircase to the Orcish Mines.
  9172 | D:9      | Found a snail-covered altar of Cheibriados.
  9302 | D:9      | Found an iron altar of Okawaru.
  9450 | Orc:1    | Entered Level 1 of the Orcish Mines
  9471 | Orc:1    | Found Zuosacsi's Magic Scroll Emporium.
 10038 | Orc:1    | Noticed an orc knight
 10047 | Orc:1    | Killed an orc knight
 10108 | Orc:1    | Noticed an orc knight
 10121 | Orc:1    | Killed an orc knight
 10368 | Orc:1    | Bought a scroll of identify for 30 gold pieces
 10368 | Orc:1    | Bought a scroll of identify for 30 gold pieces
 10368 | Orc:1    | Bought a scroll of identify for 30 gold pieces
 10392 | Orc:2    | Entered Level 2 of the Orcish Mines
 10397 | Orc:2    | Reached XP level 11. HP: 71/71 MP: 11/11
 10421 | Orc:2    | Noticed an orc high priest
 10622 | Orc:2    | Noticed a sixfirhy
 10628 | Orc:2    | Killed an orc high priest
 10628 | Orc:2    | Reached skill level 10 in Axes
 10919 | Orc:2    | Noticed an orc high priest
 10920 | Orc:2    | Noticed a soul eater
 10920 | Orc:2    | Found Kauzaf's Magic Scroll Shoppe.
 10922 | Orc:2    | Noticed Nessos
 10923 | Orc:2    | Noticed an orc high priest
 10926 | Orc:2    | Reached skill level 10 in Fighting
 10930 | Orc:2    | Received a gift from Trog
 10940 | Orc:2    | HP: 3/72 [Nessos/arrow (1)]
 10942 | Orc:2    | Killed from afar by an orc high priest

Skill      XL: |  1  2  3  4  5  6  7  8  9 10 11 |
---------------+----------------------------------+-----
Dodging        | 2 3 4 |  4.9
Axes           | 3 4 5 6 8 9 10 | 10.3
Fighting       | 4 5 6 8 9 10 | 10.0
Armour         | 3 4 5 7 9 |  9.7
Stealth        | 1 |  1.6

Action                   |  1- 3 |  4- 6 |  7- 9 | 10-12 || total
-------------------------+-------+-------+-------+-------++-------
Melee: Hand axe          |   164 |   221 |       |       ||   385
       Battleaxe         |       |       |   519 |   211 ||   730
Invok: Berserk           |       |     4 |    10 |     7 ||    21
       Brothers in Arms  |       |       |       |     1 ||     1
  Use: Scroll            |     1 |     1 |    14 |     6 ||    22
       Potion            |       |       |       |     3 ||     3
  Eat: Chunk             |     2 |     6 |     9 |     6 ||    23
       Beef jerky        |       |     1 |       |       ||     1
       Meat ration       |       |     1 |     1 |       ||     2
       Bread ration      |       |       |     3 |     1 ||     4
       Fruit             |       |       |       |     3 ||     3
Armor: Scale mail        |    97 |   112 |   150 |       ||   359
       Plate armour      |       |       |   264 |   211 ||   475
Dodge: Dodged            |    88 |   120 |   316 |   141 ||   665
